 Dungeon Crawl Stone Soup version 0.21.1-1-g345015f (webtiles) character file.

5130 wotfoxis the Changer (level 10, -17/90 HPs)
             Began as a Demigod Transmuter on Feb 20, 2018.
             Demolished by a swamp worm (20 damage)
             ... on level 9 of the Dungeon.
             The game lasted 01:24:32 (11575 turns).

wotfoxis the Changer (Demigod Transmuter)          Turns: 11575, Time: 01:24:33

Health: -17/90     AC:  6    Str: 15    XL:     10   Next: 11%
Magic:  21/23      EV: 13    Int: 19    God:
Gold:   405        SH:  3    Dex: 18    Spells: 5/21 levels left

rFire    x . .     SeeInvis .     - Unarmed
rCold    + + +     Gourm    .   (shield currently unavailable)
rNeg     . . .     Faith    .   (armour currently unavailable)
rPois    +         Spirit   .   (helmet currently unavailable)
rElec    .         Reflect  +   (cloak currently unavailable)
rCorr    .         Harm     .   (gloves currently unavailable)
MR       +....                  (boots currently unavailable)
Stlth    ++........             k - +3 amulet of reflection
HPRegen  0.25/turn              (no ring)
MPRegen  0.18/turn              (no ring)

@: ice-form
A: large, high mp 1
a: End Transformation


You were on level 9 of the Dungeon.
You were not hungry.
You were a creature of crystalline ice.
You visited 1 branch of the dungeon, and saw 10 of its levels.

You collected 405 gold pieces.

Inventory:

Hand Weapons
 z - a cursed +2 spear (melded)
Missiles
 a - 21 arrows (quivered)
Armour
 o - a +2 pair of gloves (melded)
 p - a +0 helmet (melded)
 r - a +1 cloak
 u - a +0 pair of boots
 v - a +0 leather armour (melded)
 A - a +0 cloak (melded)
Jewellery
 k - a +3 amulet of reflection (around neck)
 C - an uncursed ring of wizardry {unknown}
Wands
 s - a wand of polymorph (15)
 B - a wand of random effects (25)
Scrolls
 b - a scroll of enchant weapon
 f - 3 scrolls of remove curse
 g - 5 scrolls of identify
 i - 4 scrolls of fog
 n - a scroll of teleportation
 q - a scroll of amnesia {unknown}
 t - a scroll of fear {unknown}
 y - a scroll of magic mapping {unknown}
Potions
 e - 2 potions of lignification
 h - 10 potions of curing
 j - a potion of magic
 l - a potion of agility
 m - 2 potions of ambrosia
 w - a potion of flight
 x - a potion of brilliance
 D - a potion of might
Books
 c - a book of Changes

   Spells                             Type                      Level
   a - Beastly Appendage              Transmutation                1
   b - Sticks to Snakes               Transmutation                2
   c - Spider Form                    Transmutation/Poison         3
   d - Ice Form                       Ice/Transmutation            4
   e - Blade Hands                    Transmutation                5
 E - a book of Callings

   Spells                             Type                      Level
   a - Summon Small Mammal            Summoning                    1
   b - Call Imp                       Summoning                    2
   c - Call Canine Familiar           Summoning                    3
   d - Summon Guardian Golem          Hexes/Summoning              3
   e - Summon Lightning Spire         Summoning/Air                4
   f - Summon Ice Beast               Ice/Summoning                4
Comestibles
 d - 13 rations


   Skills:
 + Level 2.9 Fighting
 - Level 4.7 Polearms
 + Level 2.7 Armour
 + Level 4.6 Dodging
 - Level 2.2 Stealth
 + Level 5.9 Unarmed Combat
 + Level 6.4 Spellcasting
 + Level 2.6 Summonings
 + Level 6.8 Transmutations
 + Level 0.8 Ice Magic
 + Level 1.3 Poison Magic


You had 5 spell levels left.
You knew the following spells:

 Your Spells              Type           Power        Failure   Level  Hunger
a - Beastly Appendage     Tmut           ####..       1%          1    None
b - Sticks to Snakes      Tmut           ####....     1%          2    None
c - Spider Form           Tmut/Pois      ###.......   6%          3    ##.....
d - Ice Form              Ice/Tmut       ###.....     22%         4    ####...
e - Call Imp              Summ           ###.....     5%          2    None
f - Summon Lightning Spi  Summ/Air       ##......     52%         4    ####...


Dungeon Overview and Level Annotations

Branches:
Dungeon (10/15)            Temple (0/1) D:6            Lair (0/6) D:9
    Orc: D:9-12

Shops:
D:7 *


Innate Abilities, Weirdness & Mutations

You have an increased reservoir of magic. (+10% MP)


Message History

You barely miss the swamp worm.
The swamp worm is moderately wounded.
The swamp worm bites you.
* * * LOW HITPOINT WARNING * * *
You hit the swamp worm but do no damage.
The swamp worm is moderately wounded.
The swamp worm bites you!
* * * LOW HITPOINT WARNING * * *
There is a stone staircase leading down here.
The swamp worm bites you but does no damage.
You block the swamp worm's attack.
You climb downwards.
The two-headed ogre shouts in stereo!
You hear a shout!
A bullfrog comes into view.
There is a stone staircase leading up here.
The swamp worm completely misses you.
You climb upwards.
The swamp worm bites you!
* * * LOW HITPOINT WARNING * * *
The swamp worm bites you!!
You die...

####### ######.....#
#..........# #.###.###..#
#.#.w...#..# ##.#..Y..#..#
##### #......w....# ###...#
#..#.....#..# ##...≈≈≈
#..#.....#..# #..≈≈≈≈≈
#####..###.###..####.≈≈≈###
.....................≈≈P#≈≈
.....)..###..####.##.≈≈≈†≈≈
........# #..# #.###≈≈†#≈≈
........# #..####.# #≈≈≈###


You could see 2 swamp worms.

Vanquished Creatures
  A two-headed ogre (D:8)
  Pikel (D:5)
  Grinder (D:5)
  Eustachio (D:6)
  A yak (D:9)
  A swamp worm (D:9)
  Edmund (D:6)
  An orc warrior (D:6)
  3 ice beasts
  3 phantoms
  2 slaves
  2 centaurs
  2 ogres
  2 big kobolds (D:7)
  6 bullfrogs
  A wyvern skeleton (D:7)
  5 wights
  2 howler monkeys (D:7)
  3 bullfrog zombies
  3 crimson imps
  A centaur skeleton (D:6)
  6 hounds
  3 orc priests
  4 jellies
  Crazy Yiuf (D:5)
  2 bullfrog skeletons
  3 iguanas
  Terence (D:3)
  5 orc wizards
  4 worker ants
  2 killer bee zombies
  A hound zombie (D:5)
  Robin (D:2)
  A howler monkey zombie (D:6)
  7 adders
  A river rat (D:9)
  2 shadow imps
  5 oozes (D:8)
  9 worms (D:9)
  2 dart slugs
  A leopard gecko (D:8)
  12 orcs
  3 bats (D:1)
  A bat skeleton (D:2)
  4 giant cockroaches
  10 goblins
  3 hobgoblins (D:2)
  6 jackals
  3 quokkas
  A ball python (D:8)
  9 frilled lizards
  A jackal skeleton (D:4)
  14 kobolds
  A leopard gecko skeleton (D:5)
  A quokka skeleton (D:8)
  3 rats
176 creatures vanquished.

Vanquished Creatures (collateral kills)
  Sigmund (D:6)
  2 black bears
  An ogre (D:4)
  2 scorpions
  7 wights
  A howler monkey (D:7)
  A crimson imp (D:7)
  A centaur zombie (D:5)
  An orc priest (D:7)
  A worker ant zombie (D:8)
  A gnoll (D:1)
  2 adders
  A howler monkey skeleton (D:7)
  4 worms (D:9)
  2 orcs
  4 goblins (D:2)
  6 kobolds
38 creatures vanquished.

Vanquished Creatures (others)
  A sky beast (D:8)
  A slave (D:5)
  3 plants (D:9)
  2 withered plants (D:5)
7 creatures vanquished.

Grand Total: 221 creatures vanquished

Notes
Turn   | Place    | Note
-------+----------+-------------------------------------------
     0 | D:1      | wotfoxis the Demigod Transmuter began the quest for the Orb.
     0 | D:1      | Reached XP level 1. HP: 15/15 MP: 5/5
   114 | D:1      | Reached XP level 2. HP: 6/22 MP: 7/7
   348 | D:1      | Learned a level 2 spell: Sticks to Snakes
  1210 | D:2      | Noticed Robin
  1212 | D:2      | Reached XP level 3. HP: 24/27 MP: 8/8
  1223 | D:2      | Killed Robin
  1417 | D:2      | Found a faded altar of an unknown god.
  1471 | D:2      | Learned a level 3 spell: Spider Form
  1515 | D:2      | Found an iron altar of Okawaru.
  1578 | D:2      | You fall through a shaft!
  1705 | D:3      | Reached skill level 1 in Fighting
  1795 | D:3      | Found a sparkling altar of Nemelex Xobeh.
  1940 | D:3      | Reached XP level 4. HP: 35/35 MP: 10/10
  1960 | D:2      | Found a white marble altar of Elyvilon.
  2381 | D:4      | Reached skill level 1 in Polearms
  2491 | D:3      | Noticed Terence
  2509 | D:3      | Killed Terence
  2894 | D:4      | Reached XP level 5. HP: 30/40 MP: 8/11
  2949 | D:4      | Noticed a phantom
  2949 | D:4      | Noticed an ogre
  2988 | D:4      | Killed an ogre
  3012 | D:4      | Killed a phantom
  3012 | D:4      | Reached XP level 6. HP: 40/47 MP: 7/13
  3348 | D:5      | Entered Level 5 of the Dungeon
  3384 | D:4      | Reached skill level 1 in Armour
  3696 | D:4      | Reached skill level 1 in Stealth
  4183 | D:5      | Noticed Grinder
  4450 | D:6      | Noticed Edmund
  4570 | D:5      | HP: 1/47 [ogre/giant club (22)]
  4882 | D:5      | Reached XP level 7. HP: 52/52 MP: 8/15
  5346 | D:5      | Noticed Pikel
  5348 | D:5      | Found an ancient bone altar of Kikubaaqudgha.
  5391 | D:5      | Killed Pikel
  5391 | D:5      | Reached skill level 1 in Poison Magic
  5391 | D:5      | Reached XP level 8. HP: 18/61 MP: 12/17
  5497 | D:5      | Paralysed by Grinder for 7 turns
  5509 | D:5      | Killed Grinder
  5953 | D:5      | Found a runed door.
  5958 | D:5      | Noticed Crazy Yiuf
  5968 | D:5      | Killed Crazy Yiuf
  6283 | D:6      | Found a glowing silver altar of Zin.
  6409 | D:6      | Noticed Eustachio
  6427 | D:6      | Killed Eustachio
  6497 | D:6      | Learned a level 4 spell: Ice Form
  6500 | D:6      | Learned a level 2 spell: Call Imp
  6521 | D:6      | Found a staircase to the Ecumenical Temple.
  6744 | D:6      | Noticed Sigmund
  6756 | D:6      | Killed Edmund
  6756 | D:6      | Reached skill level 5 in Transmutations
  6764 | D:6      | Killed Sigmund
  6764 | D:6      | Reached skill level 1 in Summonings
  7354 | D:7      | Reached skill level 5 in Spellcasting
  7744 | D:6      | Reached XP level 9. HP: 33/68 MP: 15/20
  8125 | D:7      | Found Rextegh's General Store.
  8406 | D:7      | Reached skill level 5 in Unarmed Combat
  8462 | D:8      | Noticed a two-headed ogre
  8834 | D:7      | Found a snail-covered altar of Cheibriados.
  9458 | D:8      | Killed a two-headed ogre
 10130 | D:9      | Found a staircase to the Lair.
 10130 | D:9      | Noticed a death yak
 10488 | D:9      | Noticed a death yak
 10695 | D:8      | Found a shadowy altar of Dithmenos.
 11130 | D:9      | Reached XP level 10. HP: 52/75 MP: 15/23
 11167 | D:10     | Entered Level 10 of the Dungeon
 11167 | D:10     | Noticed a two-headed ogre
 11442 | D:9      | Learned a level 4 spell: Summon Lightning Spire
 11575 | D:9      | HP: 3/90 [swamp worm (7)]
 11575 | D:9      | Demolished by a swamp worm

Skill      XL: |  1  2  3  4  5  6  7  8  9 |
---------------+----------------------------+-----
Unarmed Combat | 3 4 5 |  5.9
Dodging        | 2 3 4 |  4.6
Transmutations | 2 3 4 5 6 |  6.8
Spellcasting   | 2 3 4 5 6 |  6.4
Fighting       | 1 2 |  2.9
Polearms       | 1 2 3 4 |  4.7
Armour         | 1 2 |  2.7
Stealth        | 1 2 |  2.2
Poison Magic   | 1 |  1.3
Summonings     | 1 2 |  2.6
Ice Magic      | |  0.8

Action                   |  1- 3 |  4- 6 |  7- 9 | 10-12 || total
-------------------------+-------+-------+-------+-------++-------
Melee: Unarmed           |    22 |    33 |   163 |    47 ||   265
       Dagger            |    25 |       |       |       ||    25
       Headbutt          |     6 |       |     4 |       ||    10
       Halberd           |    50 |       |       |       ||    50
       Kick              |     5 |    24 |    52 |     6 ||    87
       Trident           |    15 |   137 |   147 |       ||   299
       Punch             |       |       |     8 |     1 ||     9
       Spear             |       |       |   135 |    30 ||   165
 Cast: Beastly Appendage |    15 |    17 |    35 |     1 ||    68
       Sticks to Snakes  |     6 |    29 |    74 |       ||   109
       Spider Form       |     1 |     7 |     9 |     4 ||    21
       Call Imp          |       |       |    44 |       ||    44
       Ice Form          |       |       |    10 |     1 ||    11
       Summon Lightning  |       |       |       |     2 ||     2
 Abil: End Transformatio |       |       |     1 |       ||     1
Evoke: Wand              |       |       |     2 |       ||     2
  Use: Potion            |     1 |     2 |     7 |     1 ||    11
       Scroll            |       |    15 |     5 |       ||    20
 Stab: Sleeping          |     1 |     1 |     3 |     1 ||     6
       Distracted        |       |       |     7 |       ||     7
  Eat: Chunk             |     1 |     3 |     2 |       ||     6
       Ration            |     1 |     3 |     7 |       ||    11
Armor: Robe              |    23 |       |       |       ||    23
       Skin              |     3 |     4 |    17 |     5 ||    29
       Animal skin       |     3 |       |       |       ||     3
       Leather armour    |       |    22 |    78 |     4 ||   104
Dodge: Dodged            |    84 |    81 |   305 |    37 ||   507
Block: Other             |       |       |     7 |     7 ||    14
